 Dungeon Crawl Stone Soup version 0.28-a0-401-ge240ad9e29 (webtiles) character file.

Game seed: 7331085096516418441

4975 Spaninq the Cleaver (level 10, -1/90 HPs)
             Began as a Hill Orc Warper on Sept 4, 2021.
             Was a Follower of Beogh.
             Slain by a two-headed ogre (4 damage)
             ... on level 8 of the Dungeon.
             The game lasted 00:25:24 (12788 turns).

Spaninq the Cleaver (Hill Orc Warper)              Turns: 12788, Time: 00:25:25

Health: -1/90      AC: 17    Str: 20    XL:     10   Next: 53%
Magic:  12/12      EV:  6    Int: 13    God:    Beogh [*.....]
Gold:   300        SH:  5    Dex: 10    Spells: 10/12 levels left

rFire   + + .      SeeInvis .   e - +1 dagger (venom)
rCold   . . .      Faith    .   A - +0 buckler
rNeg    + . .      Spirit   .   g - +0 plate armour
rPois   .          Reflect  .   n - +0 helmet of the Thinker {rF++ rN+ Str+2}
rElec   .          Harm     .   i - +0 cloak
rCorr   .          Rampage  .   (no gloves)
Will    .....                   k - +0 pair of boots
Stlth   ..........              (no amulet)
HPRegen 0.25/turn               (no ring)
MPRegen 0.13/turn               (no ring)

@: no status effects
A: no striking features
a: Renounce Religion


You were on level 8 of the Dungeon.
You worshipped Beogh.
Beogh was aware of your devotion.
You visited 2 branches of the dungeon, and saw 9 of its levels.

You collected 363 gold pieces.
You spent 63 gold pieces at shops.

Inventory:

Hand Weapons
 a - a +0 hand axe
 e - a +1 dagger of venom (weapon)
 z - a +1 whip of flaming
Missiles
 d - 5 boomerangs of dispersal (quivered)
 t - a throwing net
Armour
 g - a +0 plate armour (worn)
 i - a +0 cloak (worn)
 k - a +0 pair of boots (worn)
 n - the +0 helmet of the Thinker (worn) {rF++ rN+ Str+2}
   (You took it off Robin on level 2 of the Dungeon)

   Str:       It affects your strength (+2).
   rF:        It greatly protects you from fire.
   rN:        It protects you from negative energy.
 s - a +0 tower shield
 A - a +0 buckler (worn)
Jewellery
 B - a ring of flight
 K - a ring of willpower
Wands
 q - a wand of iceblast (17)
 G - a wand of flame (14)
 I - a wand of polymorph (6)
Scrolls
 b - 7 scrolls of identify {unknown}
 c - 2 scrolls of blinking
 f - 2 scrolls of teleportation {unknown}
 l - a scroll of enchant weapon {unknown}
 p - 2 scrolls of amnesia {unknown}
 r - a scroll of enchant armour {unknown}
 v - 3 scrolls of fear {unknown}
 y - a scroll of brand weapon {unknown}
 D - 2 scrolls of noise {unknown}
 F - 2 scrolls of vulnerability {unknown}
 H - 2 scrolls of magic mapping {unknown}
Potions
 h - 3 potions of lignification {unknown}
 j - 4 potions of heal wounds
 m - a potion of invisibility {unknown}
 o - a potion of brilliance {unknown}
 u - a potion of curing {unknown}
 w - a potion of magic {unknown}
 x - 3 potions of might {unknown}
 C - a potion of attraction {unknown}
 E - a potion of flight {unknown}
 J - a potion of cancellation {unknown}


   Skills:
 + Level 8.6 Fighting
 * Level 12.6 Axes
 - Level 0.8 Throwing
 + Level 7.6 Armour
 - Level 1.5 Dodging
 + Level 7.0 Shields
 - Level 1.5 Spellcasting
 - Level 2.4 Translocations


You had 10 spell levels left.
You knew the following spells:

 Your Spells              Type           Power      Damage    Failure   Level
a - Blink                 Tloc           N/A        N/A       97%         2

Your spell library contained the following spells:

 Spells                   Type           Power      Damage    Failure   Level
 Foxfire                  Conj/Fire      4%         2x1d4     99%         1
 Gell's Gravitas          Tloc           3%         N/A       99%         3
 Lesser Beckoning         Tloc           7%         N/A       99%         3
 Teleport Other           Tloc           7%         N/A       99%         3
 Call Canine Familiar     Summ           1%         N/A       100%        3
 Dazzling Flash           Conj/Hex       2%         N/A       100%        3
 Portal Projectile        Hex/Tloc       8%         N/A       100%        3
 Flame Wave               Conj/Fire      1%         3d3       100%        4
 Leda's Liquefaction      Hex/Erth       0%         N/A       100%        4
 Summon Lightning Spire   Summ/Air       1%         N/A       100%        4
 Agony                    Necr           1%         N/A       100%        5
 Manifold Assault         Tloc           7%         N/A       100%        5
 Silence                  Hex/Air        0%         N/A       100%        5
 Dispersal                Tloc           3%         N/A       100%        6
 Starburst                Conj/Fire      0%         6d3       100%        6
 Storm Form               Tmut/Air       0%         N/A       100%        7
 Maxwell's Capacitive Co  Air            0%         ∞         100%        8
 Fire Storm               Conj/Fire      0%         6d1       100%        9


Dungeon Overview and Level Annotations

Branches:
Dungeon (8/15)             Temple (1/1) D:6
   Lair: D:8-11

Altars:
Ashenzari
Cheibriados
Dithmenos
Elyvilon
Fedhas
Gozag
Hepliaklqana
Kikubaaqudgha
Makhleb
Nemelex Xobeh
Okawaru
Qazlal
Ru
Sif Muna
Trog
Uskayaw
Vehumet
Wu Jian
Xom
Yredelemnul
Zin
The Shining One

Shops:
D:4 [(![*


Message History

The two-headed ogre hits you with a +0 giant spiked club.
You barely miss the two-headed ogre.
The two-headed ogre hits you with a +0 giant club!
The two-headed ogre hits you with a +0 giant spiked club!
You hit the two-headed ogre.
The two-headed ogre is poisoned.
The two-headed ogre is lightly wounded.
You barely miss the two-headed ogre.
The two-headed ogre is lightly wounded.
You block the two-headed ogre's attack.
The two-headed ogre hits you with a +0 giant spiked club!
You puncture the two-headed ogre!
The two-headed ogre looks as sick as possible!
The two-headed ogre is lightly wounded.
The two-headed ogre hits you with a +0 giant club!
The two-headed ogre hits you with a +0 giant spiked club!
* * * LOW HITPOINT WARNING * * *
You see here a bullfrog corpse.
You see here 22 sling bullets.
You hit the two-headed ogre.
The two-headed ogre looks even sicker.
The two-headed ogre is heavily wounded.
The two-headed ogre barely misses you.
The two-headed ogre hits you with a +0 giant spiked club.
* * * LOW HITPOINT WARNING * * *
You see here 22 sling bullets.
You hit the two-headed ogre.
The two-headed ogre looks even sicker.
The two-headed ogre is severely wounded.
The two-headed ogre hits you but does no damage.
The two-headed ogre barely misses you.
You see here 22 sling bullets.
You barely miss the two-headed ogre.
The two-headed ogre is almost dead.
The two-headed ogre closely misses you.
The two-headed ogre hits you with a +0 giant spiked club!
* * * LOW HITPOINT WARNING * * *
You barely miss the two-headed ogre.
The two-headed ogre is almost dead.
The two-headed ogre hits you with a +0 giant club!!
* * * LOW HITPOINT WARNING * * *
The two-headed ogre hits you with a +0 giant spiked club.
You die...

### ###......##.....##.
###.###.........#....##..
#....#..........##..###..
#.....................##.
###.....................##
###.......#................
##.........#(>..............
#......#..###O...........##..
###....####.@........
###...###..###.....
#..†...#.)# .....
##........## ....
##.........###......
#..............# ...
#...........#.###.#
#.......<##.##.#..##
#..................#


You could see a two-headed ogre (poisoned).

Vanquished Creatures
  A two-headed ogre (D:6)
  Pikel (D:3)
  Sigmund (D:6)
  Eustachio (D:6)
  Menkaure (D:3)
  A steam dragon (D:6)
  A water moccasin (D:6)
  Duvessa (D:4)
  A hornet zombie (D:7)
  3 ice beasts (D:6)
  2 sky beasts (D:5)
  A black bear (D:6)
  2 ogres
  2 necrophages
  2 lemures (D:3)
  A centaur (D:7)
  A phantom (D:3)
  Blork the orc (D:5)
  5 bullfrogs
  5 scorpions
  A wyvern zombie (D:6)
  A gnoll sergeant (D:7)
  A water moccasin zombie (D:4)
  Dowan (D:4)
  A howler monkey (D:8)
  A centaur zombie (D:8)
  A jelly (D:4)
  2 hounds
  4 orc priests
  6 iguanas
  2 centaur skeletons
  Natasha (thrice) (D:3)
  6 orc wizards
  2 killer bee zombies
  A hound skeleton (D:4)
  Robin (D:2)
  9 gnolls
  11 adders
  A shadow imp (D:8)
  A white imp (D:7)
  2 adder skeletons (D:4)
  A worm (D:2)
  2 dart slugs
  31 orcs
  7 ball pythons
  3 bats
  3 endoplasms
  5 giant cockroaches
  17 goblins
  7 hobgoblins
  6 jackals (D:2)
  3 quokkas
  7 frilled lizards
  7 kobolds
  5 rats
196 creatures vanquished.

Vanquished Creatures (others)
  An iguana (D:5)
  3 orcs (D:5)
  2 plants (Temple)
6 creatures vanquished.

Grand Total: 202 creatures vanquished

Notes
Turn   | Place    | Note
-------+----------+-------------------------------------------
     0 | D:1      | Spaninq the Hill Orc Warper began the quest for the Orb.
     0 | D:1      | Reached XP level 1. HP: 18/18 MP: 3/3
    27 | D:1      | Got the Compendium of Heat
    41 | D:1      | Reached skill level 3 in Axes
   241 | D:1      | Reached XP level 2. HP: 17/25 MP: 4/4
   453 | D:1      | Reached XP level 3. HP: 12/30 MP: 5/5
  1129 | D:1      | Reached skill level 4 in Axes
  1263 | D:2      | Identified the +0 helmet of the Thinker {rF++ rN+ Str+2}
  1263 | D:2      | Noticed Robin
  1279 | D:2      | Reached XP level 4. HP: 20/38 MP: 6/6
  1615 | D:2      | Killed Robin
  2045 | D:2      | Found a faded altar of an unknown god.
  2551 | D:3      | Reached skill level 5 in Axes
  2551 | D:3      | Reached XP level 5. HP: 43/46 MP: 7/7
  2759 | D:3      | Reached skill level 1 in Shields
  3312 | D:3      | Reached XP level 6. HP: 52/52 MP: 8/8
  3373 | D:3      | Noticed Natasha
  3388 | D:3      | Killed Natasha
  4039 | D:3      | Noticed Natasha
  4051 | D:3      | Killed Natasha
  4052 | D:3      | Reached skill level 6 in Axes
  4158 | D:3      | Noticed Natasha
  4166 | D:3      | Killed Natasha
  4523 | D:4      | Found Vurgh's Assorted Antiques.
  4902 | D:4      | Found Muthrump's Distillery.
  4953 | D:4      | Noticed Menkaure
  5170 | D:4      | Reached XP level 7. HP: 49/60 MP: 9/9
  5370 | D:4      | Found Bimof's Armour Shop.
  5529 | D:4      | Found Hefemn Afin's Weapon Shoppe.
  5537 | D:4      | Noticed Pikel
  5541 | D:4      | Noticed Duvessa
  5542 | D:4      | Noticed Dowan
  5799 | D:3      | Reached skill level 7 in Axes
  6144 | D:3      | Killed Pikel
  6145 | D:3      | Reached skill level 5 in Fighting
  6145 | D:3      | Reached skill level 8 in Axes
  6145 | D:3      | Reached XP level 8. HP: 56/69 MP: 10/10
  6405 | D:3      | Killed Menkaure
  6773 | D:4      | Found Ichige Omiu's Armour Shop.
  6793 | D:4      | Bought a +0 buckler for 63 gold pieces
  6911 | D:4      | Reached skill level 5 in Armour
  7009 | D:4      | Killed Duvessa
  7010 | D:4      | Reached skill level 9 in Axes
  7019 | D:4      | Killed Dowan
  7515 | D:5      | Entered Level 5 of the Dungeon
  7569 | D:5      | Found a broken altar of Ashenzari.
  7750 | D:5      | Reached XP level 9. HP: 76/78 MP: 11/11
  7785 | D:5      | Learned a level 2 spell: Blink
  7812 | D:5      | Reached skill level 10 in Axes
  7836 | D:5      | Noticed Blork the orc
  7847 | D:5      | Killed Blork the orc
  7848 | D:5      | Reached skill level 5 in Shields
  7960 | D:5      | Became a worshipper of Beogh the Brigand
  8818 | D:6      | Noticed a two-headed ogre
  9100 | D:6      | Noticed Sigmund
  9114 | D:6      | Killed Sigmund
  9196 | D:6      | Reached skill level 11 in Axes
  9417 | D:6      | Noticed Eustachio
  9476 | D:6      | Killed Eustachio
  9527 | D:6      | Killed a two-headed ogre
  9528 | D:6      | Reached XP level 10. HP: 31/88 MP: 12/12
  9994 | D:6      | Reached skill level 12 in Axes
 10344 | D:6      | Found a staircase to the Ecumenical Temple.
 10354 | Temple   | Entered the Ecumenical Temple
 11920 | D:6      | Reached * piety under Beogh
 12696 | D:8      | Noticed a two-headed ogre
 12788 | D:8      | HP: 3/90 [two-headed ogre (18)]
 12788 | D:8      | Slain by a two-headed ogre

Illustrated notes

Levels and vault maps discovered:
D:1:      lemuel_arrival_cross, layout_basic, serial_aquarium,
          aquarium_bridge_square [aquarium_subvault_bridge,
          aquarium_subvault_wall, aquarium_subvault_window,
          aquarium_subvault_wall], aquarium_bridge_square
          [aquarium_subvault_bridge, aquarium_subvault_window,
          aquarium_subvault_wall, aquarium_subvault_bridge], aquarium_window_2,
          aquarium_window_fake, aquarium_window_1, aquarium_view_2f,
          aquarium_view_2c, fountainhead
D:2:      layout_loops_ring, chequers_ecumenical_altar_grove, uniq_robin
D:3:      layout_basic, roderic_lattice_a, uniq_natasha
D:4:      layout_basic, serial_glass, glass_columns_b, glass_columns_a,
          serial_shops, nicolae_shop_waterfront, shop_statue,
          nicolae_shop_waterfront, nicolae_shop_statue_plus, shop, st_stairs_11,
          solitary_fountain, chequers_serial_rivers_large_b, uniq_duvessa,
          uniq_menkaure, uniq_pikel
D:5:      layout_basic, lemuel_round_altar, serial_bayou_pond_e,
          hangedman_abyss_or_decor_stabs, uniq_blork_the_orc
D:6:      layout_loops_ring, minmay_temple_entry_poolview, kennysheep_dice,
          uniq_sigmund, uniq_eustachio
D:7:      layout_cave_pools
D:8:      layout_cave_pools, blue_anna_alchemist
Temple:   kilobyte_greek_temple

Skill      XL: |  1  2  3  4  5  6  7  8  9 10 |
---------------+-------------------------------+-----
Axes           | 3 4 5 6 8 9 11 12 | 12.6
Fighting       | 3 4 5 6 8 |  8.6
Armour         | 2 3 4 5 7 |  7.6
Shields        | 1 2 3 4 6 7 |  7.0
Throwing       | |  0.8
Dodging        | |  1.5
Spellcasting   | |  1.5
Translocations | |  2.4

Action                   |  1- 3 |  4- 6 |  7- 9 | 10-12 || total
-------------------------+-------+-------+-------+-------++-------
Melee: Hand axe          |    32 |     7 |    15 |    87 ||   141
       Dagger            |    54 |   258 |   316 |   191 ||   819
       Whip              |       |       |   103 |    20 ||   123
       Unarmed           |       |       |       |     7 ||     7
Invok: Convert to Beogh  |       |       |     1 |       ||     1
  Use: Potion            |       |       |     1 |       ||     1
Armor: Leather armour    |    18 |    10 |       |       ||    28
       Plate armour      |       |   180 |   270 |   238 ||   688
Dodge: Dodged            |    45 |    78 |   113 |    97 ||   333
Block: Buckler           |       |       |    69 |    70 ||   139

Table legend: (Time is in decaauts)
 A = Elapsed time spent in this place.
 B = Non-inter-level travel time spent in this place.
 C = Inter-level travel time spent in this place.
 D = Time resting spent in this place.
 E = Time spent auto-exploring this place.
 F = Levels seen in this place.
 G = Mean time per level.
                   A        B        C        D        E       F      G
               +--------+--------+--------+--------+--------+-----+--------+
         Total |  12786 |  12352 |    434 |   3149 |   6721 |   9 | 1420.7 |
       Dungeon |  12547 |  12160 |    387 |   3149 |   6551 |   8 | 1568.4 |
        Temple |    239 |    192 |     47 |      0 |    170 |   1 |  239.0 |
               +--------+--------+--------+--------+--------+-----+--------+

Top non-repeatable levels by time:
     D:3: 3301 daAuts
     D:6: 2408 daAuts
     D:4: 1825 daAuts
     D:1: 1523 daAuts
     D:5: 1338 daAuts
     D:2: 902 daAuts
     D:7: 874 daAuts
     D:8: 371 daAuts
  Temple: 239 daAuts
